 Dungeon Crawl Stone Soup version 0.32-a0-20-ge526923d97 (webtiles) character file.

Game seed: 10351402243361867772

1367 Laraso the Skirmisher (level 8, -1/39 HPs)
             Began as a Kobold Hunter on Jan 17, 2024.
             Was a Believer of Hepliaklqana.
             Shot with an arrow by a centaur (10 damage)
             ... on level 7 of the Dungeon.
             The game lasted 00:04:03 (5705 turns).

Laraso the Skirmisher (Kobold Hunter)               Turns: 5705, Time: 00:04:04

Health: -1/39      AC:  5    Str:  8    XL:     8   Next: 97%
Magic:  8/8        EV: 14    Int: 11    God:    Hepliaklqana [**....]
Gold:   326        SH:  0    Dex: 20    Spells: 7/7 levels left

rFire   . . .        a - +0 shortbow
rCold   + . .        (shield currently unavailable)
rNeg    . . .        j - +1 leather armour {rC+}
rPois   .            (no helmet)
rElec   .            u - scarf {+Inv}
rCorr   .            t - +0 pair of gloves
SInv    .            (no boots)
Will    .....        (no amulet)
Stlth   +++          (no ring)
HPRegen 0.26/turn    (no ring)
MPRegen 0.11/turn

%: no passive effects
@: no status effects
A: reduced essence, small, no large weapons, nightstalker 3
a: Renounce Religion, Evoke Invisibility, Recall Ancestor, Ancestor Identity


You were on level 7 of the Dungeon.
You worshipped Hepliaklqana.
Hepliaklqana was pleased with you.
You visited 1 branch of the dungeon, and saw 7 of its levels.

You collected 326 gold pieces.

Inventory:

Hand Weapons
 a - a +0 shortbow (weapon)
Armour
 j - a +1 leather armour of cold resistance (worn)
 t - a +0 pair of gloves (worn)
 u - a scarf of invisibility (worn)
Jewellery
 w - a ring of ice
Wands
 d - a wand of charming (21)
 f - a wand of iceblast (3)
 n - a wand of flame (28)
Scrolls
 b - a scroll of butterflies
 c - 3 scrolls of noise
 g - 2 scrolls of blinking
 i - 3 scrolls of poison
 o - 2 scrolls of enchant weapon
 p - 2 scrolls of revelation {unknown}
 q - a scroll of fog {unknown}
 r - a scroll of enchant armour {unknown}
 s - a scroll of vulnerability {unknown}
Potions
 e - a potion of curing
 k - a potion of lignification
 l - a potion of heal wounds {unknown}
 m - 2 potions of enlightenment {unknown}
 v - a potion of haste {unknown}


   Skills:
 - Level 2.1 Fighting
 * Level 14.2 Ranged Weapons
 - Level 2.4 Dodging
 - Level 1.3 Stealth


You had 7 spell levels left.
You didn't know any spells.
Your spell library contained the following spells:

 Spells                   Type           Power      Damage    Failure   Level
 Apportation              Tloc           0%         N/A       45%         1
 Jinxbite                 Hex            0%         N/A       61%         2
 Dazzling Flash           Conj/Hex       0%         N/A       83%         3
 Volatile Blastmotes      Fire/Tloc      0%         2d10      83%         3
 Alistair's Intoxication  Alch           0%         N/A       100%        5
 Starburst                Conj/Fire      0%         6d3       100%        6
 Maxwell's Capacitive Co  Air            0%         ∞         100%        8


Dungeon Overview and Level Annotations

Branches:
Dungeon (7/15)             Temple (0/1) D:4

Altars:
Fedhas
Hepliaklqana
Nemelex Xobeh
Zin
The Shining One


Innate Abilities, Weirdness & Mutations

Your life essence is reduced to manifest your ancestor. (-10% HP)
You are small and have problems with some larger weapons.
You are completely attuned to the shadows.


Message History

An iguana is nearby!
An iguana is nearby!
You shoot an arrow.
The arrow hits the iguana but does no damage.
You shoot an arrow.
The arrow hits the iguana but does no damage.
Jane closely misses the iguana.
You shoot an arrow. The arrow hits the iguana!
The iguana is severely wounded.
You shoot an arrow. The arrow hits the iguana.
You kill the iguana!
No target in view!
No target in view!
Found a stone staircase leading up.
A centaur comes into view.
The centaur shouts!
The centaur wields a +0 orcbow.
The centaur shoots an arrow.
The arrow barely misses you.
A centaur is nearby!
You shoot an arrow.
The arrow hits the centaur but does no damage.
The centaur shoots an arrow.
The arrow completely misses you.
The centaur shoots an arrow.
The arrow barely misses you.
You shoot an arrow. The arrow hits the centaur!
The centaur is heavily wounded.
The centaur shoots an arrow.
The arrow hits you!
The centaur shoots an arrow.
The arrow hits you.
You shoot an arrow. The arrow barely misses the centaur.
The centaur shoots an arrow.
The arrow closely misses you.
You shoot an arrow.
The arrow completely misses the centaur.
The centaur shoots an arrow.
The arrow hits you!
Jane hits the centaur with a +0 flail.
You are too injured to fight recklessly!
You are too injured to fight recklessly!
You are too injured to fight recklessly!
The centaur shoots an arrow.
The arrow hits you!
* * * LOW HITPOINT WARNING * * *
You feel better.
The centaur shoots an arrow.
The arrow hits you!
You die...

..<.......†..#
......###..).#
###..# ##.<.#
#..# ##..#
#.## #..# #.#
##.. #.## #.>
#..# #.@#
#..## #..##
.cR# ..#


You could see the friendly Jane the knight and a centaur (ally target).

Vanquished Creatures
  A water moccasin (D:6)
  An ice beast (D:5)
  A black bear (D:5)
  2 ogres (D:5)
  A bullfrog (D:7)
  2 scorpions
  4 wights (D:6)
  An orc priest (D:4)
  A sleepcap (D:6)
  Ijyb (D:3)
  An iguana (D:7)
  An orc wizard (D:7)
  4 adders
  A shadow imp (D:6)
  A white imp (D:5)
  A ribbon worm (D:5)
  5 dart slugs
  12 orcs
  3 endoplasms
  2 giant cockroaches
  5 goblins
  2 hobgoblins (D:1)
  2 jackals (D:1)
  2 quokkas
  6 ball pythons
  8 bats
  2 frilled lizards
  4 kobolds
  3 rats
80 creatures vanquished.

Vanquished Creatures (collateral kills)
  A scorpion (D:5)
  A wight (D:6)
  A howler monkey (D:6)
  A hound (D:6)
  3 iguanas
  An adder (D:5)
  4 orcs
  A quokka (D:4)
13 creatures vanquished.

Vanquished Creatures (others)
  A knight (D:6)
  2 ancestors (D:5)
3 creatures vanquished.

Grand Total: 96 creatures vanquished

Notes
Turn   | Place    | Note
-------+----------+-------------------------------------------
     0 | D:1      | Laraso the Kobold Hunter began the quest for the Orb.
     0 | D:1      | Reached XP level 1. HP: 12/12 MP: 1/1
   211 | D:1      | Reached XP level 2. HP: 17/17 MP: 2/2
   479 | D:1      | Reached skill level 6 in Ranged Weapons
   740 | D:1      | Reached XP level 3. HP: 21/21 MP: 3/3
  1199 | D:2      | Reached skill level 7 in Ranged Weapons
  1199 | D:2      | Reached XP level 4. HP: 26/26 MP: 4/4
  1896 | D:3      | Noticed Ijyb
  1910 | D:3      | Killed Ijyb
  1911 | D:3      | Reached XP level 5. HP: 30/30 MP: 5/5
  2119 | D:3      | Found a faded altar of an unknown god.
  2174 | D:3      | Found a glowing silver altar of Zin.
  2174 | D:3      | Found a hazy altar of Hepliaklqana.
  2174 | D:3      | Found a glowing golden altar of the Shining One.
  2287 | D:3      | Became a worshipper of Hepliaklqana the Forgotten
  2708 | D:4      | Reached skill level 8 in Ranged Weapons
  2752 | D:4      | Found a staircase to the Ecumenical Temple.
  3043 | D:4      | Reached * piety under Hepliaklqana
  3332 | D:4      | Found a sparkling altar of Nemelex Xobeh.
  3682 | D:5      | Entered Level 5 of the Dungeon
  3696 | D:5      | Noticed an ice beast
  3711 | D:5      | Killed an ice beast
  3712 | D:5      | Reached skill level 9 in Ranged Weapons
  3712 | D:5      | Reached XP level 6. HP: 26/31 MP: 6/6
  3735 | D:5      | Noticed an ogre
  3738 | D:5      | Killed an ogre
  3739 | D:5      | Reached skill level 10 in Ranged Weapons
  3741 | D:5      | Reached XP level 7. HP: 36/36 MP: 7/7
  3933 | D:5      | Found a blossoming altar of Fedhas.
  4021 | D:5      | Reached skill level 11 in Ranged Weapons
  4620 | D:5      | Reached ** piety under Hepliaklqana
  4625 | D:5      | Remembered your ancestor Jane as a knight
  4697 | D:6      | Reached XP level 8. HP: 39/39 MP: 8/8
  4703 | D:6      | Reached skill level 12 in Ranged Weapons
  4762 | D:6      | Reached skill level 13 in Ranged Weapons
  5667 | D:7      | Reached skill level 14 in Ranged Weapons
  5705 | D:7      | Shot with an arrow by a centaur

Illustrated notes

Levels and vault maps discovered:
D:1:      matt_arrival_refuge, layout_basic
D:2:      layout_basic, minmay_misc_feat_rows
D:3:      layout_loops_cross, gammafunk_temple_overflow_claw,
          ebering_ecumenical_altar_hall, reono_crystal_passage,
          patterned_corridor, uniq_ijyb
D:4:      layout_basic, nemelex_xobeh_ov_fountains_minmay,
          minmay_temple_entry_proselytizer, minmay_crossroads
D:5:      black_bear_nest_1, layout_basic, mainiacjoe_overflow_paths, hex_large
D:6:      layout_cave_pods
D:7:      layout_layer_cave, serial_bayou_lake_a, uniq_jeremiah

Skill      XL: |  1  2  3  4  5  6  7  8 |
---------------+-------------------------+-----
Ranged Weapons | 6 7 9 10 11 14 | 14.2
Fighting       | |  2.1
Dodging        | |  2.4
Stealth        | |  1.3

Action                     |  1- 3 |  4- 6 |  7- 9 || total
---------------------------+-------+-------+-------++-------
   Fire: Shortbow          |    61 |   121 |   114 ||   296
 Invoke: Ancestor Identity |       |     1 |       ||     1
         Ancestor Life: Kn |       |       |     1 ||     1
  Evoke: Wand              |       |     2 |       ||     2
    Use: Scroll            |       |     3 |     3 ||     6
         Potion            |       |     1 |     1 ||     2
 Armour: Leather armour    |    12 |    25 |    11 ||    48
         Skin              |       |     5 |       ||     5
  Dodge: Dodged            |    20 |    36 |    10 ||    66

Table legend: (Time is in decaauts)
 A = Elapsed time spent in this place.
 B = Non-inter-level travel time spent in this place.
 C = Inter-level travel time spent in this place.
 D = Time resting spent in this place.
 E = Time spent auto-exploring this place.
 F = Levels seen in this place.
 G = Mean time per level.
                   A        B        C        D        E       F      G
               +--------+--------+--------+--------+--------+-----+--------+
         Total |   5698 |   5522 |    176 |    215 |   4767 |   7 |  814.0 |
       Dungeon |   5698 |   5522 |    176 |    215 |   4767 |   7 |  814.0 |
               +--------+--------+--------+--------+--------+-----+--------+

Top non-repeatable levels by time:
     D:3: 1123 daAuts
     D:4: 1083 daAuts
     D:5: 1005 daAuts
     D:1: 988 daAuts
     D:6: 962 daAuts
     D:2: 500 daAuts
     D:7: 35 daAuts
